 Dungeon Crawl Stone Soup version 0.17.1-1-g73c8601 (webtiles) character file.

1138 OTabOTabOTabDead the Covert (level 8, 0/55 HPs)
             Began as an Octopode Berserker on Jan 3, 2016.
             Was a Priest of Trog.
             Slain by a black bear (6 damage)
             ... on level 6 of the Dungeon.
             The game lasted 00:08:58 (5299 turns).

OTabOTabOTabDead the Covert (Octopode Berserker)    Turns: 5299, Time: 00:08:58

Health: 0/55       AC:  1    Str: 20    XL:     8   Next: 37%
Magic:  8/8        EV: 21    Int: 10    God:    Trog [***...]
Gold:   133        SH:  0    Dex: 18    Spells: 0 memorised, 7 levels left

rFire  . . .     SeeInvis .       - Unarmed
rCold  . . .     Clarity  .     (no shield)
rNeg   . . .     SustAt   .     (helmet restricted)
rPois  .         Gourm    +     l - amulet of the gourmand
rElec  .         Spirit   .     h - ring of stealth
rCorr  .         Warding  .     r - +4 ring of strength
rMut   .         Stasis   .     (no ring)
MR     .....                    (no ring)
Stlth  +++++++...               (no ring)
                                (no ring)
                                (no ring)
                                (no ring)

@: agile, exhausted, slowed, very slow, not resistant to hostile enchantments,
extremely stealthy
A: almost no armour, amphibious, 8 rings, constrict 8, tentacle spike 1,
camouflage 1, gelatinous body 1
a: Berserk, Trog's Hand, Burn Spellbooks, Renounce Religion


You were on level 6 of the Dungeon.
You worshipped Trog.
Trog was most pleased with you.
You were not hungry.

You visited 1 branch of the dungeon, and saw 6 of its levels.

You collected 133 gold pieces.

Inventory:

Missiles
 c - 172 stones (quivered)
 g - 6 tomahawks of dispersal
Armour
 k - a +0 shield
Jewellery
 h - a ring of stealth (left tentacle)
 l - an amulet of the gourmand (around mantle)
 q - an uncursed amulet of guardian spirit
 r - a +4 ring of strength (right tentacle)
Scrolls
 e - 2 scrolls of recharging
 j - a scroll of teleportation
 m - 4 scrolls of remove curse
 p - 3 scrolls of identify
 t - a scroll of immolation {unknown}
 u - a scroll of enchant armour {unknown}
Potions
 b - 2 potions of magic
 i - 2 potions of might
 o - 2 potions of agility
 v - a potion of degeneration {unknown}
Books
 d - a book of Power

   Spells                             Type                      Level
   a - Fulminant Prism                Conjuration/Hexes            4
   b - Iskenderun's Mystic Blast      Conjuration                  4
   c - Venom Bolt                     Conjuration/Poison           5
   d - Bolt of Magma                  Conjuration/Fire/Earth       5
   e - Iron Shot                      Conjuration/Earth            6
   f - Orb of Destruction             Conjuration                  7
   g - Spellforged Servitor           Conjuration/Summoning        7
   Trog disapproves of the use of such an item.
Comestibles
 a - 3 bread rations
 f - a meat ration
 s - a royal jelly


   Skills:
 + Level 5.2 Fighting
 + Level 5.5 Dodging
 + Level 8.0 Stealth
 + Level 5.3 Unarmed Combat


You had 7 spell levels left.
You didn't know any spells.

Dungeon Overview and Level Annotations

Branches:
Dungeon (6/15)
 Temple: D:4-7

Altars:
Fedhas
Trog
The Shining One

Annotations:
D:3 Clownie's ghost, amateur FoFi


Innate Abilities, Weirdness & Mutations

You cannot wear most types of armour.
You are amphibious.
You can wear up to eight rings at the same time.
You can use your tentacles to constrict eight enemies at once.
Your skin changes colour to match your surroundings (Stealth).
Your rubbery body absorbs attacks (AC +1).
One of your tentacles bears a spike.


Message History

You are no longer berserk.
You are exhausted.
You feel yourself slow down. The black bear bites you!
The black bear misses you. The black bear claws you.
Unknown command.
The black bear bites you!
* * * LOW HITPOINT WARNING * * *
The black bear misses you. The black bear claws you.
* * * LOW HITPOINT WARNING * * *
Unknown command.
Unknown command.
Drink which item? (? for menu, Esc to quit)
You feel agile all of a sudden. The black bear completely misses you.
The black bear misses you. The black bear completely misses you.
Drink which item? (? for menu, Esc to quit)
It was a potion of beneficial mutation.
One of your lower tentacles grows a sharp spike.
You feel fantastic! The black bear bites you.
You die...

##.##...# .##..# #.#.
#..##...# .#...###... ...
#.####..## .....##....
...## #.#
#...####........... #..#
##.# #....##............
#.## #..#
#........#......... #..##
#..# ##......###...#.....
##...###..# #......##
...####...
##.....##..###.h@..##
#..# #...
)..................###..#
#...
#.....#...........###...#
##..#
#....###..##...........#
#..## ....##
#.......####...## ##.##
...## #......## ###..##
##..# ..## ##..##..#
##..###...## ..#
##..####.# ##.#......#
..####..## #..#
#........##


You could see a black bear.

Vanquished Creatures
  Duvessa (D:6)
  A black bear (D:6)
  An ogre (D:6)
  2 ice beasts
  2 centaurs (D:6)
  A giant frog (D:6)
  Dowan (D:6)
  A scorpion (D:5)
  A giant frog zombie (D:3)
  A crimson imp (D:5)
  2 hounds
  A giant frog skeleton (D:6)
  A jelly (D:6)
  An iguana (D:6)
  2 worker ants
  3 adders
  An adder zombie (D:5)
  3 worms (D:2)
  3 giant geckos
  5 orcs
  11 bats
  4 giant cockroaches
  6 hobgoblins
  3 jackals (D:5)
  8 kobolds
  2 ball pythons (D:3)
  2 giant newts (D:1)
  9 goblins
  3 quokkas
  5 rats
87 creatures vanquished.

Notes
Turn   | Place    | Note
--------------------------------------------------------------
     0 | D:1      | OTabOTabOTabDead the Octopode Berserker began the quest for the Orb.
     0 | D:1      | Reached XP level 1. HP: 16/16 MP: 1/1
    66 | D:1      | Reached XP level 2. HP: 18/21 MP: 2/2
   356 | D:1      | Reached ** piety under Trog
   654 | D:2      | Reached XP level 3. HP: 27/27 MP: 3/3
  1038 | D:2      | Found a faded altar to an unknown god.
  1144 | D:2      | Reached skill level 4 in Fighting
  1247 | D:2      | You fall through a shaft!
  1260 | D:3      | Reached skill level 1 in Stealth
  1260 | D:3      | Reached XP level 4. HP: 26/33 MP: 4/4
  1459 | D:3      | Found a bloodstained altar of Trog.
  1978 | D:3      | Noticed Clownie's ghost (amateur FoFi)
  2104 | D:3      | Reached XP level 5. HP: 35/37 MP: 5/5
  2327 | D:3      | Reached *** piety under Trog
  2425 | D:3      | Found a glowing golden altar of the Shining One.
  3024 | D:4      | Noticed an ice beast
  3153 | D:4      | Killed an ice beast
  3153 | D:4      | Reached XP level 6. HP: 44/44 MP: 6/6
  3457 | D:5      | Entered Level 5 of the Dungeon
  3458 | D:5      | Found a blossoming altar of Fedhas.
  3904 | D:5      | Reached skill level 5 in Stealth
  4151 | D:6      | Reached XP level 7. HP: 49/49 MP: 7/7
  4237 | D:6      | Reached skill level 6 in Stealth
  4720 | D:6      | Reached skill level 5 in Dodging
  4837 | D:6      | Noticed Duvessa
  4837 | D:6      | Noticed Dowan
  4862 | D:6      | Killed Duvessa
  4862 | D:6      | Reached skill level 7 in Stealth
  4866 | D:6      | Killed Dowan
  4866 | D:6      | Reached skill level 5 in Fighting
  4866 | D:6      | Reached skill level 5 in Unarmed Combat
  4866 | D:6      | Reached XP level 8. HP: 55/55 MP: 8/8
  5280 | D:6      | Reached skill level 8 in Stealth
  5299 | D:6      | Gained mutation: One of your tentacles bears a spike. [potion of beneficial mutation]
  5299 | D:6      | Slain by a black bear

Action                   |  1- 3 |  4- 6 |  7- 9 || total
-------------------------+-------+-------+-------++-------
Melee: Unarmed           |    78 |    79 |    50 ||   207
Invok: Berserk           |     2 |     4 |     2 ||     8
  Use: Scroll            |     4 |     7 |       ||    11
       Potion            |       |       |     2 ||     2
 Stab: Sleeping          |    10 |    11 |     2 ||    23
  Eat: Chunk             |     3 |    13 |     8 ||    24
       Beef jerky        |       |     1 |       ||     1
